Map: Tourmaline LE

Players

Mythshaker

  • Race: Protoss Protoss
  • Spawn Location: 1:00

Ionschitlist - Winner!

  • Race: Terran Terran
  • League: Silver
  • Spawn Location: 7:00

VOD

Have the link to the VOD?

Description

Time

  • Played on: Nov. 24, 2025, 3:07 a.m.
  • Length: 30:43
Show
View Real Time Build Order
Export as new Build Order

Mythshaker Protoss 

Build Orders:  

Get SALT Encoding   

  12  0:02  Probe  
  13  0:19  Probe  
  13  0:24  Pylon  
  14  0:31  Probe  
  15  0:50  Forge  
  14  1:13  Probe  
  15  1:21  Probe  
  16  1:27  Photon Cannon  
  16  1:32  Photon Cannon  
  16  1:37  Probe  
  17  1:40  Pylon  
  17  1:46  Gateway  
  17  2:30  Pylon  
  17  2:32  Photon Cannon  
  17  2:44  Pylon  
  17  2:51  Nexus  
  17  3:04  Probe  
  17  3:05  Cybernetics Core  
  17  3:06  Assimilator  
  17  3:08  Assimilator  
  17  3:12  Probe  
  19  3:22  Gateway, Probe  
  20  3:34  Probe  
  21  3:44  Photon Cannon  
  21  3:46  Probe  
  22  3:59  Probe  
  23  4:06  Assimilator  
  23  4:07  Probe  
  23  4:10  Stalker  
  23  4:14  Probe  
  23  4:15  Warp Gate, Probe  
  26  4:22  Probe  
  28  4:25  Probe  
  30  4:32  Probe  
  31  4:44  Probe  
  32  4:54  Probe  
  32  4:56  Probe  
  34  5:02  Pylon  
  34  5:06  Pylon, Probe  
  35  5:08  Probe  
  36  5:18  Probe  
  36  5:20  Probe  
  38  5:24  Robotics Facility  
  38  5:31  Probe  
  38  5:32  Probe  
  38  5:33  Twilight Council  
  40  5:37  Stalker  
  40  5:38  Stalker  
  40  5:41  Gateway  
  40  5:43  Probe  
  40  5:44  Probe  
  40  5:46  Pylon  
  46  5:50  Protoss Shields Level 1  
  46  5:55  Probe  
  46  5:56  Probe  
  48  6:14  Pylon  
  48  6:29  Pylon  
  48  6:35  Stalker  
  48  6:36  Stalker  
  48  7:06  Probe  
  49  7:18  Probe  
  49  7:19  Observer  
  51  7:29  Templar Archives  
  51  7:32  Probe  
  51  7:33  Dark Shrine  
  51  7:35  Assimilator  
  52  7:40  Probe  
  52  7:50  Probe  
  53  7:57  Psionic Storm  
  54  8:02  Probe  
  55  8:14  Gateway  
  55  8:23  Photon Cannon  
  55  8:26  Protoss Ground Armor Level 1, Gateway  
  55  8:31  Pylon  
  55  8:34  High Templar  
  57  8:35  High Templar  
  57  8:41  Archon  
  59  9:12  Probe  
  60  9:22  High Templar  
  60  9:23  High Templar  
  64  9:24  Probe  
  65  9:32  Dark Templar  
  65  9:36  Charge  
  67  9:39  Archon  
  67  9:49  Zealot  
  67  9:50  Zealot  
  71  10:11  Forge  
  71  10:17  Gateway  
  71  10:18  Protoss Shields Level 2  
  71  10:21  Gateway  
  71  10:28  Photon Cannon  
  71  10:29  Shield Battery  
  71  10:35  Zealot x2  
  73  10:37  Zealot x2  
  73  10:38  Zealot  
  81  10:58  Zealot  
  81  10:59  Zealot x2  
  81  11:00  Zealot  
  81  11:01  Zealot  
  67  11:29  Sentry x2  
  71  11:33  High Templar  
  71  11:34  High Templar  
  71  11:36  High Templar  
  71  11:38  High Templar  
  79  11:42  Archon  
  79  11:44  Archon  
  79  11:52  Resonating Glaives  
  79  11:59  Adept  
  79  12:00  Adept  
  79  12:01  Protoss Ground Armor Level 2  
  83  12:31  Sentry  
  83  12:32  Sentry  
  83  12:33  Dark Templar  
  83  12:34  Dark Templar  
  91  12:37  Zealot  
  91  12:38  Zealot  
  91  12:41  Zealot  
  91  12:42  Protoss Ground Weapons Level 1  
  97  13:54  Robotics Bay  
  97  14:10  Pylon  
  97  14:12  Pylon  
  97  14:13  Nexus  
  97  14:14  Pylon  
  70  15:08  Probe  
  71  15:18  Zealot  
  71  15:21  Zealot x3, Probe  
  72  15:22  Zealot  
  72  15:23  Zealot  
  74  15:33  Probe  
  73  15:39  Pylon  
  73  15:45  Probe  
  74  15:51  Nexus  
  74  15:54  Pylon  
  74  15:55  Pylon x2  
  74  15:57  Pylon  
  74  15:58  Pylon  
  74  16:00  Pylon, Assimilator x2  
  74  16:03  Assimilator  
  74  16:06  Assimilator  
  74  16:10  Photon Cannon x2  
  74  16:14  Pylon  
  74  16:15  Pylon  
  74  16:18  Pylon  
  74  16:20  Shield Battery  
  74  16:26  Shield Battery  
  74  16:28  Photon Cannon  
  74  16:29  Photon Cannon  
  74  16:37  Photon Cannon  
  74  16:38  Photon Cannon  
  74  16:40  Photon Cannon x2  
  74  16:43  Photon Cannon, Shield Battery x2  
  74  16:46  Photon Cannon  
  74  16:47  Shield Battery  
  74  16:49  Photon Cannon  
  74  16:51  Photon Cannon  
  74  16:52  Observer  
  75  16:55  Gravitic Boosters  
  75  17:02  Zealot x2  
  75  17:03  Zealot  
  75  17:05  Zealot x2  
  75  17:06  Zealot  
  87  17:10  Observer  
  84  17:52  Extended Thermal Lance  
  84  17:54  Pylon  
  84  18:04  Pylon  
  55  20:10  Pylon  
  55  20:16  Protoss Shields Level 3  
  55  20:19  Pylon  
  55  20:20  Pylon  
  55  20:29  Protoss Ground Armor Level 3  
  55  20:55  Probe  
  56  21:07  Probe  
  32  22:00  Stalker  
  34  22:01  Stalker  
  34  22:03  Stalker  
  36  22:08  Stalker  
  36  22:09  Stalker  
  40  22:37  Probe  
  41  22:45  Probe  
  42  22:55  Probe  
  43  23:03  Protoss Ground Weapons Level 2  
  43  23:07  Probe  
  44  23:17  Photon Cannon  
  44  23:19  Photon Cannon, Probe  
  43  23:34  Pylon  
  42  23:36  Pylon  
  42  23:42  Pylon  
  42  23:46  Pylon  
  42  23:48  Stalker  
  42  23:49  Stalker  
  42  23:50  Stalker  
  45  24:12  Pylon  
  45  24:35  Pylon  
  45  24:41  Pylon  
  45  24:44  Pylon  
  45  24:48  Pylon  
  45  24:55  Pylon  
  45  25:02  Pylon  
  44  25:08  Photon Cannon  
  44  25:13  Photon Cannon  
  44  25:25  Observer  
  44  25:43  Observer  
  41  26:01  Observer  
  37  26:19  Observer  
  37  26:22  Blink  
  16  29:19  Stalker  
  16  29:21  Stalker  
Show
View Real Time Build Order
Export as new Build Order

Ionschitlist Terran - Winner!

Build Orders:  

Get SALT Encoding   

  12  0:02  SCV  
  13  0:14  SCV  
  14  0:26  SCV  
  14  0:27  Supply Depot  
  15  0:46  Supply Depot  
  15  0:54  Barracks  
  15  0:59  SCV  
  16  1:11  SCV  
  17  1:22  Refinery  
  17  1:23  SCV  
  18  1:35  SCV  
  19  1:42  Marine  
  20  1:47  SCV  
  21  1:59  SCV  
  21  2:00  Marine  
  23  2:12  SCV  
  22  2:25  Marine  
  22  2:28  SCV  
  24  2:36  Refinery  
  24  2:40  SCV, Command Center  
  24  2:43  Marine  
  26  2:52  SCV  
  26  2:54  Engineering Bay  
  27  3:01  Supply Depot  
  27  3:04  SCV  
  28  3:09  Barracks  
  28  3:16  SCV  
  28  3:18  Reaper  
  30  3:28  Missile Turret  
  30  3:47  Supply Depot  
  30  3:50  Reaper  
  30  3:55  Missile Turret  
  31  4:00  Factory, Barracks Tech Lab  
  31  4:03  Terran Infantry Armor Level 1  
  31  4:10  Orbital Command  
  31  4:17  SCV  
  31  4:22  Marine  
  33  4:28  Marauder  
  33  4:29  SCV  
  36  4:37  Stimpack  
  36  4:41  SCV  
  37  4:45  Factory Tech Lab  
  37  4:52  Reaper  
  38  4:53  SCV  
  38  4:54  Barracks Tech Lab  
  38  4:58  Refinery  
  39  5:01  Refinery  
  39  5:05  SCV  
  40  5:17  SCV, Siege Tank  
  40  5:18  Missile Turret  
  40  5:19  Combat Shield  
  44  5:24  Reaper  
  45  5:41  Ghost Academy  
  45  5:42  Missile Turret  
  45  5:55  Command Center  
  45  5:58  Terran Infantry Weapons Level 1  
  45  6:04  Siege Tank  
  45  6:10  Marine x2  
  50  6:26  SCV  
  50  6:27  Ghost  
  53  6:33  Personal Cloaking  
  53  6:37  Ghost Academy  
  53  6:39  Concussive Shells  
  53  6:43  Marine  
  54  6:56  Marine  
  54  7:01  Marine  
  54  7:13  Ghost  
  54  7:14  Bunker  
  56  7:19  Marine  
  57  7:24  SCV  
  57  7:27  Missile Turret  
  58  7:37  SCV, Marine  
  59  7:39  Refinery  
  59  7:42  Marine  
  59  7:43  Missile Turret  
  59  7:44  Nuke  
  61  7:45  Missile Turret  
  61  7:49  SCV  
  62  7:54  Cyclone  
  62  7:55  Mag-Field Accelerator  
  65  8:01  SCV  
  65  8:04  Planetary Fortress  
  66  8:13  SCV  
  66  8:15  Missile Turret  
  66  8:19  Hi-Sec Auto Tracking  
  67  8:26  Cyclone  
  70  8:28  Marine x2  
  72  8:35  Missile Turret  
  72  8:41  Missile Turret  
  72  8:46  Ghost, Marine  
  75  8:52  Supply Depot  
  75  9:01  Ghost Academy  
  75  9:04  Marine  
  75  9:07  Missile Turret  
  76  9:14  Cyclone  
  76  9:15  SCV, Missile Turret  
  80  9:27  SCV, Marine x2  
  83  9:32  Starport  
  83  9:34  Planetary Fortress  
  83  9:39  SCV  
  83  9:45  Marine  
  85  9:57  Missile Turret, Nuke, Supply Depot  
  85  10:04  Supply Depot  
  85  10:13  Ghost Academy  
  85  10:15  Refinery  
  85  10:18  Ghost  
  85  10:19  Marine  
  88  10:22  Starport Tech Lab  
  88  10:23  Missile Turret  
  88  10:26  Starport  
  88  10:36  Nuke  
  88  10:39  Ghost  
  90  10:45  Ghost Academy  
  90  10:47  Marine  
  90  10:48  Nuke  
  91  10:58  Raven  
  93  11:05  Marine  
  93  11:07  Missile Turret  
  93  11:08  Marine  
  87  11:23  Marine  
  86  11:25  Marine  
  86  11:29  Starport Tech Lab  
  87  11:40  Interference Matrix  
  87  11:41  Marine  
  87  11:43  Marine  
  87  11:44  Nuke  
  89  11:48  Ghost Academy  
  89  11:49  Cyclone  
  92  11:54  Medivac  
  92  11:55  Medivac  
  94  12:20  Command Center  
  94  12:22  Cyclone  
  97  12:27  Banshee  
  97  12:28  Cloaking Field  
  100  12:31  Nuke  
  100  12:37  Ghost Academy  
  100  13:05  Banshee  
  100  13:06  Cyclone  
  100  13:09  Nuke  
  106  13:13  Marine  
  106  13:14  Marine, Supply Depot  
  108  13:31  Marine x2  
  110  13:38  Siege Tank  
  113  13:49  Marine x2  
  113  13:54  Planetary Fortress  
  115  14:07  Marine x2  
  116  14:10  Siege Tank  
  115  14:21  Nuke x2  
  115  14:25  Marine x2  
  117  14:46  Nuke x2  
  117  14:49  Marine x2  
  115  15:07  Marine x2  
  115  15:12  Viking, Raven  
  121  15:25  Marine x2  
  118  15:42  Viking  
  117  15:46  Viking  
  119  15:53  Fusion Core  
  119  15:54  Cyclone  
  122  16:12  Viking  
  122  16:13  Ghost  
  122  16:14  Marine  
  122  16:16  Viking  
  129  16:22  Refinery  
  129  16:24  Refinery  
  129  16:27  Cyclone  
  129  16:32  Marine  
  133  16:42  Viking, Marine  
  133  16:46  Viking  
  138  16:50  Marine  
  138  16:52  Weapon Refit  
  139  16:58  Supply Depot  
  139  17:00  Marine  
  140  17:20  Viking, Marine  
  143  17:45  Supply Depot  
  143  18:07  Battlecruiser x2  
  155  18:32  Nuke x2  
  155  18:54  Nuke  
  153  19:05  Nuke  
  153  19:08  Marine x2  
  155  19:26  Marine x2  
  152  19:43  Bunker, Caduceus Reactor, Marine  
  152  19:44  Marine  
  154  20:01  Marine  
  154  20:02  Marine  
  154  20:19  Marine  
  154  20:20  Marine  
  156  20:39  Nuke  
  156  20:45  Marine x2  
  156  20:46  Battlecruiser  
  156  20:48  Battlecruiser  
  167  21:52  Raven  
  163  22:15  Marine x2  
  165  22:33  Marine x2  
  167  22:51  Marine x2  
  169  23:05  Nuke  
  169  23:08  Ghost  
  171  23:19  Nuke  
  171  23:34  Nuke  
  171  23:57  Nuke  
  171  24:03  Ghost  
  170  24:17  Nuke  
  170  24:40  Nuke  
  170  25:14  Nuke  
  170  25:29  Nuke x2  
  170  25:56  Nuke x2  
  160  26:56  Ghost x2  
  164  27:28  Nuke x3  
  160  28:01  Marine  
  160  28:02  Marine  
  162  28:19  Marine x2  
  164  28:37  Marine x2  
  166  28:55  Marine x2  
  162  29:13  Marine x2  
  152  29:37  Ghost  
  152  29:38  Ghost  
  154  30:06  Marine x2  
  152  30:24  Marine x2  
Tags
 
League
Silver
Matchup
PvT
Spawn Locations
Cross Positions
Add a new tag
Caveats
  • Supply blocks, unpowered buildings, or Contaminate may cause inaccurate times.
  • Supply counts are checked every 10 seconds.